 Dungeon Crawl Stone Soup version 0.29-a0-451-gfbfa42419e (webtiles) character file.

Game seed: 9724728721609634636

823 acebull12 the Poker (level 7, -2/47 HPs)
             Began as a Demonspawn Gladiator on May 19, 2022.
             Was a Priest of Hepliaklqana.
             Shot with an arrow by a centaur (9 damage)
             ... on level 5 of the Dungeon.
             The game lasted 00:16:01 (4475 turns).

acebull12 the Poker (Demonspawn Gladiator)          Turns: 4475, Time: 00:16:02

Health: -2/47      AC: 10    Str: 17    XL:     7   Next: 64%
Magic:  7/7        EV: 13    Int:  9    God:    Hepliaklqana [***...]
Gold:   213        SH:  0    Dex: 14    Spells: 6/6 levels left

rFire   . . .      SeeInvis +   a - +0 trident
rCold   + . .      Faith    .   (no shield)
rNeg    . . .      Spirit   .   t - +3 leather armour {rC+}
rPois   .          Reflect  .   c - +0 helmet
rElec   .          Harm     .   n - +0 cloak
rCorr   .          Rampage  .   (no gloves)
Will    .....                   (no boots)
Stlth   +.........              (no amulet)
HPRegen 0.15/turn               l - ring of see invisible
MPRegen 0.10/turn               (no ring)

@: no status effects
A: reduced essence, slimy green scales 1, foul stench 1, powered by pain 2
a: Renounce Religion, Recall Ancestor, Ancestor Identity, Transference


You were on level 5 of the Dungeon.
You worshipped Hepliaklqana.
Hepliaklqana was most pleased with you.
You visited 1 branch of the dungeon, and saw 5 of its levels.

You collected 213 gold pieces.

Inventory:

Hand Weapons
 a - a +0 trident (weapon)
Missiles
 d - 3 throwing nets (quivered)
 e - 5 javelins
Armour
 b - a +0 leather armour
 c - a +0 helmet (worn)
 i - a +0 ring mail
 n - a +0 cloak (worn)
 o - a +0 chain mail of fire resistance
 t - a +3 leather armour of cold resistance (worn)
Jewellery
 l - a ring of see invisible (left hand)
 u - a +6 ring of intelligence
 v - a ring of resist corrosion
Scrolls
 f - a scroll of teleportation {unknown}
 g - 3 scrolls of identify
 h - a scroll of noise {unknown}
 p - a scroll of magic mapping {unknown}
 q - a scroll of fear {unknown}
 r - 2 scrolls of poison {unknown}
 x - a scroll of blinking {unknown}
 y - a scroll of amnesia {unknown}
Potions
 j - 2 potions of curing
 k - a potion of might {unknown}
 m - 2 potions of heal wounds
 s - 2 potions of berserk rage
 w - a potion of brilliance {unknown}
 z - a potion of attraction {unknown}
 A - a potion of invisibility {unknown}


   Skills:
 * Level 3.9 Fighting
 * Level 6.2 Polearms
 - Level 1.8 Throwing
 + Level 3.2 Armour
 + Level 3.6 Dodging
 + Level 1.2 Stealth


You had 6 spell levels left.
You didn't know any spells.
Your spell library contained the following spells:

 Spells                   Type           Power      Damage    Failure   Level
 Magic Dart               Conj           0%         1d3       43%         1
 Blink                    Tloc           0%         N/A       58%         2
 Call Imp                 Summ           0%         N/A       58%         2
 Searing Ray              Conj           0%         2d4       58%         2
 Call Canine Familiar     Summ           0%         N/A       82%         3
 Dazzling Flash           Conj/Hex       0%         N/A       82%         3
 Mephitic Cloud           Conj/Pois/Air  0%         N/A       82%         3
 Portal Projectile        Hex/Tloc       0%         N/A       82%         3
 Corpse Rot               Necr/Pois/Air  0%         N/A       99%         4
 Dispel Undead            Necr           0%         3d6       99%         4
 Fulminant Prism          Conj/Hex       0%         3d6       99%         4
 Leda's Liquefaction      Hex/Erth       0%         N/A       99%         4
 Agony                    Necr           0%         N/A       100%        5
 Manifold Assault         Tloc           0%         N/A       100%        5
 Silence                  Hex/Air        0%         N/A       100%        5
 Death Channel            Necr           0%         N/A       100%        6
 Storm Form               Tmut/Air       0%         N/A       100%        7


Dungeon Overview and Level Annotations

Branches:
Dungeon (5/15)             Temple (0/1) D:4

Altars:
Hepliaklqana

Annotations:
D:3 2 transporters, om's ghost, amateur MfBe
D:5 Menkaure


Innate Abilities, Weirdness & Mutations

Your life essence is reduced to manifest your ancestor. (-10% HP)
You are partially covered in slimy green scales. (AC +2)
You may rarely emit foul miasma when damaged in melee.
You sometimes gain power by taking damage.


Message History

You feel better. The adder bites you but does no damage.
Okay, then.
You kill the adder!
Found a short sword.
An iguana, an orc wizard and 3 orcs come into view.
The iguana hisses angrily.
The orc shouts!
You hear a shout! x2
An orc comes into view. It is wielding a +0 flail.
The orc wizard mumbles some strange words.
The orc wizard flickers and vanishes for a moment.
An orc priest comes into view. It is wielding a +0 short sword.
The orc attacks as you move away! The orc barely misses you.
The orc hits you with a +0 short sword.
* * * LOW HITPOINT WARNING * * *
The orc attacks as you move away! The orc hits you but does no damage.
Found a scale mail.
The orc attacks as you move away! The orc misses you.
An ice beast comes into view.
The orc attacks as you move away! The orc misses you.
Found a whip.
The ice beast attacks as you move away!
The ice beast hits you but does no damage.
The ice beast attacks as you move away! The ice beast barely misses you.
Found 7 gold pieces.
Found a stone staircase leading down.
The ice beast attacks as you move away! The ice beast barely misses you.
The ice beast attacks as you move away! The ice beast closely misses you.
The ice beast attacks as you move away! The ice beast completely misses you.
The ice beast attacks as you move away! The ice beast closely misses you.
Menkaure, Prince of Dust comes into view.
Menkaure shouts!
Found a ring mail.
Found a glowing white potion.
Found a stone staircase leading up.
The centaur shoots an arrow.
The arrow hits you!
* * * LOW HITPOINT WARNING * * *
The ice beast attacks as you move away! The ice beast closely misses you.
There is a stone staircase leading down here.
An iguana comes into view.
The iguana hisses angrily.
The centaur shoots an arrow.
The arrow hits you!
You die...

o#
#.............
#....)o..###..#
......#.#.# .#
##....#.#.###[#
#.#..#o#c....#
#.###......#
##.#....Y.#$#
.......>.#.#
.....M##@#.!#
###...
##......l #...
..####. #...
..# #. ..# <.#
..# ..#


You could see an ice beast, a centaur, an iguana and 2 orcs.

Vanquished Creatures
  Sigmund (D:2)
  An orc priest (D:2)
  An orc wizard (D:4)
  Natasha (D:2)
  Robin (D:3)
  A gnoll (D:2)
  An adder (D:5)
  4 orcs (D:4)
  3 endoplasms
  2 giant cockroaches (D:1)
  5 hobgoblins
  4 kobolds
  2 quokkas
  7 ball pythons
  2 bats (D:1)
  A frilled lizard (D:1)
  6 goblins
  4 rats
47 creatures vanquished.

Vanquished Creatures (collateral kills)
  A centaur (D:4)
  An ogre (D:4)
  A scorpion (D:4)
  A hound (D:4)
  2 orc priests
  An iguana (D:4)
  Natasha (twice) (D:2)
  Terence (D:2)
  An adder (D:2)
  3 gnolls
  2 dart slugs
  9 orcs
  2 bats (D:2)
  4 endoplasms
  9 goblins
  7 hobgoblins
  A quokka (D:4)
  A ball python (D:3)
  2 frilled lizards
  4 kobolds
55 creatures vanquished.

Vanquished Creatures (others)
  2 ancestors
  2 plants (D:4)
4 creatures vanquished.

Grand Total: 106 creatures vanquished

Notes
Turn   | Place    | Note
-------+----------+-------------------------------------------
     0 | D:1      | acebull12 the Demonspawn Gladiator began the quest for the
                  | Orb.
     0 | D:1      | Reached XP level 1. HP: 16/16 MP: 1/1
   122 | D:1      | Found a faded altar of an unknown god.
   136 | D:1      | Prayed at the altar of an unknown god.
   136 | D:1      | Became a worshipper of Hepliaklqana the Forgotten
   136 | D:1      | Reached * piety under Hepliaklqana
   201 | D:1      | Reached skill level 3 in Polearms
   201 | D:1      | Gained mutation: You sometimes gain a little power by
                  | taking damage. [demonic ancestry]
   201 | D:1      | Reached XP level 2. HP: 15/19 MP: 2/2
   999 | D:2      | Gained mutation: You sometimes gain power by taking damage.
                  | [demonic ancestry]
   999 | D:2      | Reached XP level 3. HP: 24/24 MP: 3/3
  1100 | D:2      | Reached ** piety under Hepliaklqana
  1101 | D:2      | Remembered your ancestor Boj as a battlemage
  1147 | D:2      | Reached skill level 4 in Polearms
  1147 | D:2      | Gained mutation: You may rarely emit foul miasma when
                  | damaged in melee. [demonic ancestry]
  1147 | D:2      | Reached XP level 4. HP: 17/30 MP: 4/4
  1216 | D:2      | Noticed Natasha
  1220 | D:2      | Killed Natasha
  1246 | D:2      | Noticed Natasha
  1252 | D:2      | Killed Natasha
  1253 | D:2      | Reached skill level 1 in Armour
  1253 | D:2      | Reached XP level 5. HP: 18/35 MP: 5/5
  1367 | D:2      | Noticed Natasha
  1372 | D:2      | Killed Natasha
  1406 | D:2      | You fall into a shaft and drop 2 floors!
  1417 | D:3      | Found a transporter.
  1421 | D:3      | Noticed om's ghost (amateur MfBe)
  1426 | D:3      | Found a transporter.
  1464 | D:3      | Noticed Terence
  1491 | D:2      | Killed Terence
  2029 | D:2      | Noticed Sigmund
  2039 | D:2      | Killed Sigmund
  2040 | D:2      | Reached skill level 5 in Polearms
  2040 | D:2      | Reached XP level 6. HP: 3/42 MP: 6/6
  3033 | D:3      | Identified the -5 helmet of Jiacioju {Will+}
  3033 | D:3      | Noticed Robin
  3047 | D:3      | Killed Robin
  3471 | D:4      | Reached *** piety under Hepliaklqana
  3487 | D:4      | Gained mutation: You are partially covered in slimy green
                  | scales. (AC +2) [demonic ancestry]
  3487 | D:4      | Reached XP level 7. HP: 46/46 MP: 7/7
  3491 | D:4      | Reached skill level 1 in Stealth
  3770 | D:4      | Found a staircase to the Ecumenical Temple.
  3807 | D:4      | Reached skill level 6 in Polearms
  4386 | D:5      | Entered Level 5 of the Dungeon
  4471 | D:5      | Noticed Menkaure
  4475 | D:5      | Shot with an arrow by a centaur

Illustrated notes

Levels and vault maps discovered:
D:1:      lemuel_arrival_river_bridge, layout_basic,
          hellmonk_ecumenical_altar_run_dry
D:2:      layout_loops_cross, uniq_natasha, uniq_sigmund
D:3:      layout_rooms, gammafunk_ghost_arena, uniq_robin, uniq_terence
D:4:      layout_cave_pools, minmay_temple_entry_overgrown, serial_bayou_lake_a
D:5:      layout_loops_ring, uniq_menkaure

Skill      XL: |  1  2  3  4  5  6  7 |
---------------+----------------------+-----
Polearms       | 3 4 5 6 |  6.2
Dodging        | 3 |  3.6
Armour         | 1 2 3 |  3.2
Fighting       | 3 |  3.9
Stealth        | 1 |  1.2
Throwing       | |  1.8

Action                   |  1- 3 |  4- 6 |  7- 9 || total
-------------------------+-------+-------+-------++-------
Melee: Trident           |    73 |    57 |    32 ||   162
       Punch             |       |       |     1 ||     1
Invok: Ancestor Identity |     1 |       |       ||     1
       Ancestor Life: Ba |     1 |       |       ||     1
  Use: Scroll            |       |       |     3 ||     3
       Potion            |       |       |     1 ||     1
 Stab: Distracted        |       |     1 |       ||     1
       Sleeping          |       |       |     2 ||     2
Armor: Leather armour    |     6 |       |    23 ||    29
       Ring mail         |    13 |    21 |       ||    34
       Chain mail        |       |     7 |       ||     7
Dodge: Dodged            |    26 |    49 |    47 ||   122

Table legend: (Time is in decaauts)
 A = Elapsed time spent in this place.
 B = Non-inter-level travel time spent in this place.
 C = Inter-level travel time spent in this place.
 D = Time resting spent in this place.
 E = Time spent auto-exploring this place.
 F = Levels seen in this place.
 G = Mean time per level.
                   A        B        C        D        E       F      G
               +--------+--------+--------+--------+--------+-----+--------+
         Total |   4541 |   4315 |    226 |   1142 |   2395 |   5 |  908.2 |
       Dungeon |   4541 |   4315 |    226 |   1142 |   2395 |   5 |  908.2 |
               +--------+--------+--------+--------+--------+-----+--------+

Top non-repeatable levels by time:
     D:2: 1888 daAuts
     D:4: 1013 daAuts
     D:1: 1004 daAuts
     D:3: 545 daAuts
     D:5: 88 daAuts
